 Dungeon Sprint DCSS version 0.27.0-1-g7a089689b8 (webtiles) character file.

Game seed: 12936035100149074271

2601 xpp the Nimble (level 9, -2/90 HPs)
             Began as a Black Draconian Berserker on July 31, 2021.
             Was an Elder of Trog.
             Succumbed to a water moccasin's poison
             ... in the Dungeon (Sprint II: "The Violet Keep of Menkaure").
             The game lasted 00:10:16 (585 turns).

xpp the Nimble (Black Draconian Berserker)           Turns: 585, Time: 00:10:17

Health: -2/90      AC:  7    Str: 20    XL:     9   Next: 33%
Magic:  9/9        EV: 18    Int:  8    God:    Trog [****..]
Gold:   307        SH:  5    Dex: 13    Spells: 8/8 levels left

rFire    . . .     SeeInvis .   a - +0 falchion
rCold    . . .     Faith    .   (no shield)
rNeg     . . .     Spirit   .   (armour unavailable)
rPois    .         Reflect  +   (helmet restricted)
rElec    +         Harm     .   (no cloak)
rCorr    .         Rampage  .   (no gloves)
Will     .....     NoTele   +   (no boots)
Stlth    +.........             i - amulet of reflection
HPRegen  0.25/turn              (no ring)
MPRegen  0.11/turn              (no ring)

@: lethally poisoned (-2 -> -11), on berserk cooldown, slowed, very slow
A: breathe lightning, AC +7, unfitting armour, electricity resistance,
cold-blooded
a: Breathe Lightning, Renounce Religion, Berserk, Trog's Hand, Brothers in Arms


You were in the Dungeon.
You worshipped Trog.
Trog was greatly pleased with you.
You visited 1 branch You collected 891 gold pieces.
You spent 584 gold pieces at shops.

Inventory:

Hand Weapons
 a - a +0 falchion (weapon)
 k - a +0 arbalest
Missiles
 l - 12 bolts
Jewellery
 i - an amulet of reflection (around neck)
Wands
 h - a wand of paralysis (5)
Scrolls
 g - a scroll of blinking
Potions
 b - 3 potions of curing
 c - a potion of heal wounds
 d - a potion of haste
 e - 2 potions of magic
 f - a potion of berserk rage
 j - a potion of resistance


   Skills:
 + Level 12.0 Fighting
 + Level 12.4 Long Blades
 * Level 12.9 Dodging
 * Level 1.9 Shields


You had 8 spell levels left.
You didn't know any spells.
Your spell library was empty.

Dungeon Overview and Level Annotations

Branches:
Dungeon (1/1)

Altars:
Cheibriados
Dithmenos
Elyvilon
Fedhas
Gozag
Hepliaklqana
Kikubaaqudgha
Makhleb
Nemelex Xobeh
Okawaru
Ru
Sif Muna
Trog
Uskayaw
Vehumet
Xom
Yredelemnul
Zin
Beogh
Jiyva
Lugonu

Shops:
D ::=!:?[!=[!([[?

Annotations:
D exclusion: oklob plant


Innate Abilities, Weirdness & Mutations

You can breathe wild blasts of lightning.
Your glossy black scales are hard. (AC +7)
You cannot fit into any form of body armour.
You are resistant to electric shocks. (rElec)
You are cold-blooded and may be slowed by cold attacks.


Message History

You hit the water moccasin.
Your tail-slap misses the water moccasin.
The water moccasin is almost dead.
You are engulfed in noxious fumes.
You choke on the stench!
You are more confused.
The swamp drake bites you. The water moccasin misses you.
Your polar bear is engulfed in noxious fumes.
Your polar bear appears confused.
Your polar bear bites the swamp drake!
The swamp drake dies!
Trog accepts your kill.
You're too confused to move!
The water moccasin bites you.
You are poisoned.
The water moccasin poisons you! The water moccasin bites you.
* * * LOW HITPOINT WARNING * * *
Your polar bear bites you!!
* * * LOW HITPOINT WARNING * * *
Your polar bear barely misses you. x2; The water moccasin closely misses you.
You are too confused!
Are you sure you want to stumble around while confused and next to your polar bear?
Okay, then.
You feel less confused.
* * * LOW HITPOINT WARNING * * *
You feel very sick.
Your polar bear barely misses you.
Your polar bear completely misses you.
You block your polar bear's attack. The water moccasin barely misses you.
You block your polar bear's attack.
Your polar bear claws you.
* * * LOW HITPOINT WARNING * * *
Your polar bear barely misses you.
The water moccasin barely misses you.
You riposte.
You hit the water moccasin but do no damage.
You tail-slap the water moccasin.
You kill the water moccasin!
Trog accepts your kill.
Your Fighting skill increases to level 12!
Blink to where?
Press: ? - help, Dir - move target Splash!
As you read the scroll of blinking, it crumbles to dust.
You die...

# ##..# #. B .##.#### +.###
)▓?)[$$!(?▓▓ ○ B.#....#
...####▓($?!"!(?▓▓ .#$
###..#####..##.#▓($$(?$??▓▓ #+#
#.##..#.†'..#..#▓(!$($!(!▓▓
#.####.#..#[:#^.#..#▓!?$?([$[▓▓
.<.'.##'..####..##.#▓$?([($$)▓▓
#.##...#...§###...##▓▓▓▓▓▓▓+▓▓▓▓
#'###.##...§..≈≈@≈≈≈h§≈S§§≈...X≈
...####≈≈§....≈#'########'###.≈≈
)#..#≈§§≈§≈≈§.≈#....._._#≈≈≈#
...##≈§§≈≈≈≈≈§≈#...._._.#§§§≈#
#+##≈≈≈≈§§§§≈§≈#..._._._#≈≈≈§§#
≈ ≈≈≈≈≈§§§§≈≈≈#.._._._.#≈≈≈§≈§
+# ++#≈≈≈≈§≈§§≈#._._._._#§§§§≈≈
≈ ##§≈≈###§§#_._._._.#§§§§§
#≈≈#._._._..


You could see a water moccasin and a friendly polar bear (summoned, berserk,
confused).

Vanquished Creatures
  A death yak (D)
  A merfolk siren (D)
  2 polar bears (D)
  Menkaure (D)
  A vampire mosquito (D)
  2 water moccasins (D)
  4 necrophages (D)
  3 worms (D)
15 creatures vanquished.

Vanquished Creatures (collateral kills)
  A yaktaur (D)
  A polar bear (D)
  A hornet (D)
  A swamp drake (D)
4 creatures vanquished.

Vanquished Creatures (others)
  A water moccasin (D)
1 creature vanquished.

Grand Total: 20 creatures vanquished

Notes
Turn   | Place    | Note
-------+----------+-------------------------------------------
     0 | D        | xpp the Draconian Berserker began the quest for the Orb.
     0 | D        | Reached XP level 1. HP: 19/19 MP: 1/1
     1 | D        | Noticed a necrophage
     1 | D        | Noticed a necrophage
     1 | D        | Noticed a necrophage
     1 | D        | Noticed a necrophage
     6 | D        | Killed a necrophage
     7 | D        | Reached skill level 5 in Long Blades
     7 | D        | Reached skill level 5 in Dodging
     7 | D        | Reached XP level 2. HP: 30/30 MP: 2/2
     7 | D        | Reached XP level 3. HP: 37/37 MP: 3/3
     7 | D        | Reached XP level 4. HP: 44/44 MP: 4/4
     9 | D        | Killed a necrophage
    10 | D        | Reached XP level 5. HP: 52/52 MP: 5/5
    13 | D        | Killed a necrophage
    13 | D        | Reached ** piety under Trog
    18 | D        | Killed a necrophage
    19 | D        | Reached XP level 6. HP: 62/62 MP: 6/6
    69 | D        | Noticed a merfolk siren
    82 | D        | Killed a water moccasin
    88 | D        | Killed a merfolk siren
    89 | D        | Reached skill level 10 in Dodging
    89 | D        | Your scales start taking on a glossy black colour.
    89 | D        | Reached XP level 7. HP: 55/71 MP: 7/7
    89 | D        | Gained mutation: You are resistant to electric shocks.
                  | (rElec) [Black Draconian growth]
   165 | D        | Reached *** piety under Trog
   212 | D        | Noticed a boulder beetle
   212 | D        | Noticed a boulder beetle
   219 | D        | Found Honiddu's Antique Armour Emporium.
   219 | D        | Found Fepry's Magic Scroll Emporium.
   219 | D        | Found Yseas's Antique Weapon Shoppe.
   219 | D        | Found Tifeck's Armour Shoppe.
   219 | D        | Found Tuockasu's Distillery.
   220 | D        | Found Qinlaxom's Jewellery Emporium.
   220 | D        | Found Qimidy's Distillery.
   221 | D        | Found Atif Vao's Magic Scroll Shoppe.
   221 | D        | Found Bozan's Antique Armour Emporium.
   221 | D        | Found Unteaceu's Armour Emporium.
   221 | D        | Found Ojymixt's Book Shoppe.
   221 | D        | Noticed Menkaure
   221 | D        | Noticed an iron elemental
   240 | D        | Killed Menkaure
   240 | D        | Reached **** piety under Trog
   241 | D        | Reached skill level 10 in Fighting
   291 | D        | Noticed a vampire mosquito
   295 | D        | Killed a vampire mosquito
   305 | D        | Found Mieniag's Distillery.
   305 | D        | Found Hoklirche's Jewellery Emporium.
   305 | D        | Noticed an oklob plant
   306 | D        | Found Ylioj's Book Shoppe.
   306 | D        | Found Jugufil's Book Shoppe.
   310 | D        | Noticed a great orb of eyes
   324 | D        | Bought an amulet of reflection for 300 gold pieces
   335 | D        | Bought a scroll of blinking for 82 gold pieces
   343 | D        | Bought a potion of curing for 36 gold pieces
   343 | D        | Bought a potion of curing for 36 gold pieces
   344 | D        | Bought a potion of curing for 30 gold pieces
   344 | D        | Bought a potion of resistance for 100 gold pieces
   375 | D        | Found a snail-covered altar of Cheibriados.
   376 | D        | Found a shadowy altar of Dithmenos.
   377 | D        | Found a white marble altar of Elyvilon.
   377 | D        | Found an ancient bone altar of Kikubaaqudgha.
   377 | D        | Found a viscous altar of Jiyva.
   378 | D        | Found a blossoming altar of Fedhas.
   378 | D        | Found a corrupted altar of Lugonu.
   378 | D        | Found a shimmering blue altar of Sif Muna.
   379 | D        | Found an opulent altar of Gozag.
   379 | D        | Found a burning altar of Makhleb.
   379 | D        | Found a bloodstained altar of Trog.
   380 | D        | Found a sparkling altar of Nemelex Xobeh.
   380 | D        | Found a hide-covered altar of Uskayaw.
   384 | D        | Noticed a death yak
   398 | D        | Killed a death yak
   399 | D        | Reached XP level 8. HP: 82/82 MP: 8/8
   485 | D        | Found an iron altar of Okawaru.
   485 | D        | Found a radiant altar of Vehumet.
   485 | D        | Found a glowing silver altar of Zin.
   487 | D        | Noticed a yaktaur
   487 | D        | Noticed a hornet
   487 | D        | Noticed a polar bear
   487 | D        | Noticed a polar bear
   496 | D        | Killed a polar bear
   497 | D        | Noticed a polar bear
   505 | D        | Killed a polar bear
   514 | D        | Killed a polar bear
   515 | D        | Reached XP level 9. HP: 73/89 MP: 9/9
   515 | D        | Found a basalt altar of Yredelemnul.
   517 | D        | Found a hazy altar of Hepliaklqana.
   517 | D        | Found a sacrificial altar of Ru.
   517 | D        | Found a shimmering altar of Xom.
   518 | D        | Killed a yaktaur
   526 | D        | Noticed a kraken
   565 | D        | Reached skill level 1 in Shields
   584 | D        | HP: 4/90 [poisoned by a water moccasin]
   584 | D        | HP: 1/90 [polar bear[the player character] (3)]
   585 | D        | Succumbed to a water moccasin's poison

Illustrated notes

Levels and vault maps discovered:
D:        the_violet_keep_of_menkaure [sprint2_stairs_cluster_1,
          sprint2_shoproom, sprint2_temple, sprint2_basic_supplies,
          sprint2_obstacle_1, sprint2_obstacle_7, sprint2_obstacle_5,
          sprint2_obstacle_6, sprint2_obstacle_4, sprint2_timed_cluster_1,
          sprint2_smallroom_cluster_1, sprint2_smallroom_final_cluster_1,
          sprint2_transparent_cluster_1, sprint2_second_timed_cluster_1,
          sprint2_sniper_area_1, sprint2_heavy_combat_area_1,
          sprint2_mutation_trap_area_1, sprint2_forest_area_1,
          sprint2_light_combat_area_1, sprint2_behind_water_1,
          sprint2_near_end_vault_1]

Skill      XL: |  1  2  3  4  5  6  7  8  9 |
---------------+----------------------------+-----
Fighting       | 6 7 8 9 11 12 | 12.0
Long Blades    | 5 6 7 9 11 12 | 12.4
Dodging        | 5 6 8 10 11 12 | 12.9
Shields        | 1 |  1.9

Action                   |  1- 3 |  4- 6 |  7- 9 || total
-------------------------+-------+-------+-------++-------
Melee: Falchion          |     3 |    28 |    61 ||    92
       Tailslap          |       |     3 |    15 ||    18
Invok: Berserk           |     1 |       |     5 ||     6
       Trog's Hand       |       |     1 |     3 ||     4
       Brothers in Arms  |       |       |     2 ||     2
 Abil: Breathe Lightning |       |       |     3 ||     3
  Use: Scroll            |       |       |     1 ||     1
       Potion            |       |       |     1 ||     1
Armor: Skin              |       |     2 |    20 ||    22
Dodge: Dodged            |     1 |     5 |    75 ||    81
Block: Other             |       |       |    19 ||    19
       Reflection        |       |       |     1 ||     1
       Rpst.: Falchion   |       |     1 |    12 ||    13
